 Dungeon Crawl Stone Soup version 0.25.0-33-gff14898491 (webtiles) character file.

Game seed: 3689734698314443698

3610 xccam the Slicer (level 10, 0/63 HPs)
             Began as an Octopode Assassin on July 7, 2020.
             Was an Elder of Uskayaw.
             Slain by a hippogriff (8 damage)
             ... on level 8 of the Dungeon.
             The game lasted 00:11:39 (7951 turns).

xccam the Slicer (Octopode Assassin)                Turns: 7951, Time: 00:11:39

Health: 0/63       AC:  8    Str: 12    XL:     10   Next: 11%
Magic:  24/24      EV: 15    Int: 13    God:    Uskayaw [****..]
Gold:   368        SH:  5    Dex: 16    Spells: 9/9 levels left

rFire    . . .     SeeInvis .   k - +2 dagger (protect)
rCold    . . .     Gourm    .   F - +0 buckler
rNeg     . . .     Faith    .   (helmet restricted)
rPois    .         Spirit   .   y - amulet of the acrobat
rElec    .         Reflect  .   e - ring of magical power
rCorr    .         Harm     .   (no ring)
MR       .....                  (no ring)
Stlth    ++++......             (no ring)
HPRegen  0.20/turn              (no ring)
MPRegen  0.19/turn              (no ring)
                                (no ring)
                                (no ring)

@: lethally poisoned (0 -> -2), protection aura, very slightly contaminated,
invisible
A: almost no armour, stealthy swim, amphibious, 8 rings, constrict 8, camouflage
1, gelatinous body 1
a: Stomp, Line Pass, Renounce Religion


You were on level 8 of the Dungeon.
You worshipped Uskayaw.
Uskayaw was noncommittal.
You were not hungry.

You visited 2 branches of the dungeon, and saw 9 of its levels.

You collected 517 gold pieces.
You spent 149 gold pieces at shops.

Inventory:

Hand Weapons
 k - a +2 dagger of protection (weapon)
 u - a +1 dagger of electrocution
 B - a +0 dagger of speed
Missiles
 b - 15 poisoned darts (quivered)
 c - 2 curare-tipped darts
Armour
 F - a +0 buckler (worn)
Jewellery
 e - a ring of magical power (left tentacle)
 g - an uncursed amulet of guardian spirit
 y - an amulet of the acrobat (around mantle)
Wands
 A - a wand of digging (6)
Scrolls
 f - a scroll of fear {unknown}
 h - 2 scrolls of remove curse {unknown}
 i - 2 scrolls of blinking {unknown}
 m - 2 scrolls of amnesia {unknown}
 n - a scroll of magic mapping {unknown}
 o - a scroll of noise {unknown}
 p - 2 scrolls of teleportation {unknown}
 q - 2 scrolls of random uselessness {unknown}
 t - a scroll of fog {unknown}
 w - 3 scrolls of enchant weapon {unknown}
 E - a scroll of enchant armour {unknown}
 I - a scroll of summoning {unknown}
Potions
 a - a potion of resistance
 j - 2 potions of magic
 r - 2 potions of might {unknown}
 s - a potion of curing
 v - a potion of haste {unknown}
 x - a potion of degeneration {unknown}
 z - a potion of flight {unknown}
 C - a potion of brilliance {unknown}
 D - 2 potions of ambrosia {unknown}
 G - a potion of mutation {unknown}
Comestibles
 d - 14 rations
 l - 8 chunks of flesh


   Skills:
 - Level 4.0 Fighting
 - Level 10.0 Short Blades
 - Level 2.0 Throwing
 - Level 4.0 Dodging
 - Level 5.3 Stealth
 + Level 4.8 Shields
 + Level 7.8 Invocations


You had 9 spell levels left.
You didn't know any spells.
Your spell library contained the following spells:

 Spells                   Type           Power        Failure   Level  Hunger
 Magic Dart               Conj           #...         30%         1    ##.....
 Searing Ray              Conj           #.....       43%         2    ###....
 Dazzling Flash           Conj/Hex       #.....       67%         3    ####...
 Fulminant Prism          Conj/Hex       #.........   97%         4    #####..
 Iskenderun's Mystic Bla  Conj/Tloc      #.......     97%         4    #####..


Dungeon Overview and Level Annotations

Branches:
Dungeon (8/15)             Temple (1/1) D:6
   Lair: D:8-11

Altars:
Dithmenos
Fedhas
Gozag
Hepliaklqana
Kikubaaqudgha
Okawaru
Qazlal
Sif Muna
Trog
Uskayaw
Vehumet
Wu Jian
The Shining One

Shops:
D:6 *   D:7 %[


Innate Abilities, Weirdness & Mutations

You cannot wear most types of armour.
You are very stealthy in the water. (Stealth+)
You are amphibious.
You can wear up to eight rings at the same time.
You can use your tentacles to constrict eight enemies at once.
Your skin changes colour to match your surroundings (Stealth+).
Your rubbery body absorbs attacks. (AC +1, EV +1)


Message History

The hippogriff is heavily wounded.
You feel sick. The hippogriff bites you.
* * * LOW HITPOINT WARNING * * *
The hippogriff pecks you.
* * * LOW HITPOINT WARNING * * *
The hippogriff claws you.
* * * LOW HITPOINT WARNING * * *
You fade into invisibility!
The worker ant closely misses you. The hippogriff barely misses you.
The hippogriff closely misses you. The hippogriff misses you.
The worker ant closely misses you.
You are very lightly contaminated with residual magic.
You hit the hippogriff.
You squeeze the hippogriff, but do no damage.
The hippogriff is heavily wounded.
The worker ant is no longer sharing its pain.
You hit the hippogriff. Your squeeze misses the hippogriff.
The hippogriff is severely wounded.
The hippogriff bites you!
You die...

#..........# ...$...
#..###+###.### ......#
##.# #.# #...# .......
#.###.###.#.# .......
##.'.._..'.#.###.(....#
#..#######............#
#..# ### #.............
#..# #####..##...<..#
#... .........a@†...#
#...######.#..H%..#.#
###.# #........# .. .#
#.$......... . .#
#.......>.#.#
#.........#>..
#.........# ...
#.......... ..


You could see a hippogriff (pain bonded) and a worker ant.

Vanquished Creatures
  The ghost of mortelune the Cleaver, a novice FoAK of Lugonu (D:7)
  Pikel (D:5)
  A water moccasin (D:7)
  Duvessa (D:6)
  2 orc warriors
  An ice beast (D:6)
  A hornet zombie (D:6)
  A slave (D:5)
  2 black bears
  4 ogres
  A centaur (D:6)
  4 bullfrogs
  Blork the orc (D:5)
  Dowan (D:6)
  A scorpion (D:7)
  A howler monkey (D:2)
  A centaur zombie (D:6)
  A crimson imp (D:2)
  2 bullfrog skeletons
  2 hounds (D:7)
  3 orc priests
  6 orc wizards
  A jelly (D:7)
  2 iguanas (D:6)
  5 worker ants
  A worker ant zombie (D:8)
  4 gnolls (D:7)
  11 adders
  2 shadow imps
  An ooze (D:4)
  An adder skeleton (D:3)
  5 worms
  A dart slug (D:4)
  3 leopard geckos
  16 orcs
  7 bats
  5 giant cockroaches
  7 goblins
  10 hobgoblins
  3 jackals
  6 quokkas
  2 ball pythons (D:2)
  6 frilled lizards
  A giant cockroach zombie (D:5)
  A jackal zombie (D:4)
  9 kobolds
  11 rats
  A withered plant (D:3)
161 creatures vanquished.

Vanquished Creatures (others)
  An ogre (D:5)
  A worker ant (D:5)
2 creatures vanquished.

Grand Total: 163 creatures vanquished

Notes
Turn   | Place    | Note
-------+----------+-------------------------------------------
     0 | D:1      | xccam the Octopode Assassin began the quest for the Orb.
     0 | D:1      | Reached XP level 1. HP: 14/14 MP: 1/1
   521 | D:1      | Reached XP level 2. HP: 17/19 MP: 2/2
   863 | D:2      | Reached skill level 3 in Short Blades
   929 | D:2      | Reached XP level 3. HP: 24/24 MP: 3/3
  1067 | D:2      | Reached skill level 4 in Short Blades
  1067 | D:2      | Reached XP level 4. HP: 29/29 MP: 4/4
  1547 | D:2      | Reached skill level 5 in Short Blades
  1547 | D:2      | Reached XP level 5. HP: 33/34 MP: 5/5
  2257 | D:3      | Found an ancient bone altar of Kikubaaqudgha.
  2913 | D:4      | Reached skill level 6 in Short Blades
  3078 | D:4      | Noticed an ogre
  3079 | D:4      | Found an opulent altar of Gozag.
  3082 | D:4      | Killed an ogre
  3082 | D:4      | Reached XP level 6. HP: 41/41 MP: 6/6
  3767 | D:5      | Entered Level 5 of the Dungeon
  3771 | D:5      | Found a bloodstained altar of Trog.
  3983 | D:5      | Noticed a slave
  3985 | D:5      | Noticed Pikel
  3986 | D:5      | Noticed a slave
  3987 | D:5      | Noticed a slave
  3992 | D:5      | Killed a slave
  4014 | D:5      | Killed Pikel
  4014 | D:5      | Reached skill level 7 in Short Blades
  4014 | D:5      | Reached XP level 7. HP: 35/48 MP: 7/7
  4014 | D:5      | Reached XP level 8. HP: 39/54 MP: 8/8
  4252 | D:5      | Noticed Blork the orc
  4254 | D:5      | Killed Blork the orc
  4802 | D:6      | Reached skill level 8 in Short Blades
  4898 | D:6      | Found a radiant altar of Vehumet.
  4900 | D:6      | Found a staircase to the Ecumenical Temple.
  4927 | Temple   | Entered the Ecumenical Temple
  4953 | Temple   | Became a worshipper of Uskayaw the Reveler
  5145 | D:6      | Found a radiant altar of Vehumet.
  5178 | D:6      | Found Cashrir's Assorted Antiques.
  5179 | D:6      | Noticed Duvessa
  5183 | D:6      | Noticed Dowan
  5200 | D:6      | Reached * piety under Uskayaw
  5204 | D:6      | Reached ** piety under Uskayaw
  5208 | D:6      | Killed Duvessa
  5208 | D:6      | Reached skill level 1 in Invocations
  5212 | D:6      | Reached *** piety under Uskayaw
  5213 | D:6      | Killed Dowan
  5236 | D:6      | Bought a metallic amethyst potion for 23 gold pieces
  5236 | D:6      | Bought a brown potion for 23 gold pieces
  5247 | D:6      | Found a blossoming altar of Fedhas.
  5492 | D:6      | Reached skill level 9 in Short Blades
  5591 | D:6      | Reached **** piety under Uskayaw
  5594 | D:6      | Reached XP level 9. HP: 54/58 MP: 11/11
  6343 | D:6      | HP: 2/58 [ice beast (7)]
  6350 | D:6      | HP: 1/87 [ice beast (10)]
  6362 | D:6      | Reached skill level 5 in Invocations
  6735 | D:7      | Found a shimmering blue altar of Sif Muna.
  6737 | D:7      | Found an ornate altar of the Wu Jian Council.
  6737 | D:7      | Found a glowing golden altar of the Shining One.
  6765 | D:7      | Found an iron altar of Okawaru.
  6774 | D:7      | Reached skill level 10 in Short Blades
  6795 | D:7      | Found Tuored's Antique Armour Shoppe.
  6813 | D:7      | Bought a buckler for 103 gold pieces
  6925 | D:6      | Reached skill level 1 in Shields
  7156 | D:7      | Found Culic's Food Shop.
  7307 | D:7      | Noticed mortelune's ghost (novice FoAK)
  7308 | D:7      | Found a transporter.
  7308 | D:7      | Identified the +3 dire flail of Dissent {drain, *Rage Str+5
                  | Int+2}
  7314 | D:7      | Found a transporter.
  7625 | D:7      | Killed mortelune's ghost
  7799 | D:7      | Reached XP level 10. HP: 63/63 MP: 15/15
  7910 | D:8      | Found a shadowy altar of Dithmenos.
  7951 | D:8      | Slain by a hippogriff

Illustrated notes

Levels and vault maps discovered:
D:1:      dpeg_arrival_rooms_a, layout_basic
D:2:      minmay_razor_zed, layout_basic, tgw_xom, serial_corexii_hall,
          chequers_hall_statues_corner_a, chequers_hall_statues_corner_a
D:3:      layout_basic, kiku_gazebo_garden_becter
D:4:      layout_loops_corners, minivault_26, nicolae_gozag_seed_capital
D:5:      layout_basic, first_ration, basic_altar, uniq_pikel,
          uniq_blork_the_orc
D:6:      layout_basic, kennysheep_mini_moat, lemuel_crystal_altar,
          minmay_temple_entry_overgrown, basic_altar, serial_shops, shop,
          kennysheep_small_circle, uniq_duvessa
D:7:      layout_rooms, grunt_temple_overflow_open, gammafunk_ghost_smash,
          serial_shops, shop, nicolae_shop_crystal
D:8:      layout_rooms, cheibrodos_ashenzari_chains,
          nicolae_overflow_hidden_temple, lemuel_doored_altar, grunt_livestock,
          minmay_guarded_unrand_variability, uniq_maggie
Temple:   cyrus_temple_forest

Skill      XL: |  1  2  3  4  5  6  7  8  9 |
---------------+----------------------------+-----
Short Blades   | 3 4 5 6 7 9 10 | 10.0
Dodging        | 3 4 |  4.0
Fighting       | 4 |  4.0
Invocations    | 3 7 |  7.8
Shields        | 4 |  4.8
Throwing       | |  2.0
Stealth        | |  5.3

Action                   |  1- 3 |  4- 6 |  7- 9 | 10-12 || total
-------------------------+-------+-------+-------+-------++-------
Melee: Dagger            |    51 |   168 |   350 |    40 ||   609
       Constrict         |    11 |    30 |    39 |     4 ||    84
       Tentacles         |    11 |    35 |    73 |    11 ||   130
Throw: Dart              |       |     2 |     6 |       ||     8
Invok: Stomp             |       |       |     3 |       ||     3
  Use: Scroll            |       |     3 |     2 |       ||     5
       Potion            |       |       |     8 |     1 ||     9
 Stab: Sleeping          |    11 |    33 |     8 |       ||    52
       Paralysed         |       |       |     7 |     5 ||    12
       Invisible         |       |       |     1 |       ||     1
  Eat: Chunk             |       |     9 |     9 |     1 ||    19
       Ration            |       |       |     1 |       ||     1
Armor: Skin              |     9 |    18 |    57 |    11 ||    95
Dodge: Dodged            |    29 |    58 |   133 |    23 ||   243
Block: Buckler           |       |       |    10 |     9 ||    19
